 Dungeon Sprint DCSS version 0.19-a0-1803-g97ff39f (webtiles) character file.

9945 Naow the Executioner (level 11, -5/111 HPs)
             Began as a Minotaur Berserker on Oct 5, 2016.
             Was the Champion of Trog.
             Slain by an ogre mage (8 damage)
             ... while paralysed by an ogre mage
             ... in the Dungeon (Sprint IX: "|||||||||||||||||||||||||||||").
             The game lasted 00:08:32 (1541 turns).

Naow the Executioner (Minotaur Berserker)           Turns: 1541, Time: 00:08:33

Health: -5/111     AC: 13    Str: 22    XL:     11   Next: 29%
Magic:  10/10      EV:  2    Int: 10    God:    Trog [******]
Gold:   1411       SH:  0    Dex: 10    Spells: 0 memorised, 10 levels left

rFire  . . .     SeeInvis .     C - +2 battleaxe (vamp)
rCold  . . .     Gourm    .     q - +0 plate armour
rNeg   . . .     Faith    .     (shield currently unavailable)
rPois  .         Spirit   .     (helmet restricted)
rElec  .         Dismiss  .     n - +0 cloak
rCorr  .         Reflect  .     (no gloves)
MR     .....     Harm     .     y - +0 pair of boots
Stlth  .......... NoTele   +    (no amulet)
                                p - +3 ring of intelligence
                                o - +2 ring of evasion

@: paralysed
A: retaliatory headbutt, horns 2
a: Berserk, Trog's Hand, Brothers in Arms, Burn Spellbooks, Renounce Religion


You were in the Dungeon.
You worshipped Trog.
Trog was exalted by your worship.
You were very hungry.

You visited 1 branch You collected 1411 gold pieces.

Inventory:

Hand Weapons
 a - a +0 hand axe
 r - a +3 war axe of freezing
 v - a +6 battleaxe of draining
 w - a +1 executioner's axe of chopping
 x - a +4 antimagic broad axe
 C - a +2 vampiric battleaxe (weapon)
 E - a +2 antimagic battleaxe
 F - a +2 antimagic battleaxe
Armour
 b - a +0 animal skin
 n - a +0 cloak (worn)
 q - a +0 plate armour (worn)
 y - a +0 pair of boots (worn)
Jewellery
 o - a +2 ring of evasion (left hand)
 p - a +3 ring of intelligence (right hand)
Wands
 m - a wand of iceblast (7/15)
 B - a wand of lightning (6/15)
Scrolls
 c - 4 scrolls of identify
 i - 2 scrolls of blinking
 j - a scroll of fear
 l - 5 scrolls of remove curse
 s - 2 scrolls of enchant weapon
 t - a scroll of recharging
Potions
 d - 8 potions of curing
 e - 9 potions of heal wounds
 f - a potion of haste
 g - 4 potions of magic
 h - a potion of berserk rage
 k - a potion of invisibility
Comestibles
 u - 40 fruits
 z - 11 bread rations
 A - 11 meat rations
 D - 39 chunks of flesh


   Skills:
 + Level 14.8 Fighting
 - Level 25.9 Axes
 - Level 2.5 Armour
 - Level 2.2 Dodging


You had 10 spell levels left.
You didn't know any spells.

Dungeon Overview and Level Annotations

Branches:
Dungeon (1/1)

Altars:
Cheibriados
Dithmenos
Elyvilon
Fedhas
Gozag
Hepliaklqana
Kikubaaqudgha
Makhleb
Nemelex Xobeh
Okawaru
Qazlal
Ru
Sif Muna
Trog
Uskayaw
Vehumet
Xom
Yredelemnul
Zin
The Shining One
Beogh
Jiyva
Lugonu

Shops:
D =([?


Innate Abilities, Weirdness & Mutations

You reflexively headbutt those who attack you in melee.
You have a pair of horns on your head.


Message History

Your deep troll disappears in a puff of smoke!
The ogre mage mumbles some strange words.
The ogre mage blinks!
You feel less exhausted.
The ogre mage points at you and mumbles some strange words.
The bolt of lightning hits you!
* * * LOW HITPOINT WARNING * * *
The ogre mage points at you and mumbles some strange words.
The bolt of lightning hits you!
* * * LOW HITPOINT WARNING * * *
The ogre mage casts a spell at you. You resist with significant effort.
You see here 50 gold pieces.
You're too hungry to go berserk.
You closely miss the ogre mage.
The ogre mage is almost dead.
The ogre mage points at you and mumbles some strange words.
You suddenly lose the ability to move!
The ogre mage hits you!
You die...

▓.▓.▓.▓.▓_▓
▓.▓.▓.▓.▓_▓
▓.▓.▓.▓.▓_▓
▓)▓.▓.▓.▓_▓
▓'▓.▓.▓.▓.▓
▓[▓.▓÷▓.▓'▓
▓)▓.▓÷▓.▓.▓
▓.▓.▓.▓.▓?▓
▓@▓.▓.▓.▓|▓
▓O▓.▓.▓.▓)▓
▓∩▓.▓.▓.▓[▓
▓†▓.▓.▓.▓.▓
▓O▓.▓.▓.▓.▓
▓.▓.▓.▓.▓.▓
▓∩▓.▓.▓.▓.▓
▓$▓.▓)▓.▓'▓
▓∩▓.▓)▓.▓.▓


You could see 2 ogre magi.

Vanquished Creatures
  Urug (D)
  Sonja (D)
  A deep troll (D)
  3 hill giants (D)
  4 spiny frogs (D)
  A komodo dragon (D)
  A tyrant leech (D)
  2 trolls (D)
  A blink frog (D)
  A hippogriff (D)
  2 yaks (D)
  Eustachio (D)
  2 basilisks (D)
  3 vampire mosquitoes (D)
  3 water moccasins (D)
  3 porcupines (D)
  7 orc warriors (D)
  2 wolves (D)
  A crocodile (D)
  3 bullfrogs (D)
  A killer bee (D)
  A howler monkey (D)
  A crimson imp (D)
  A quasit (D)
  A hound (D)
  5 orc priests (D)
  An iguana (D)
  2 worker ants (D)
  An orc wizard (D)
  An adder zombie (D)
  8 orcs (D)
  3 bats (D)
  A bat skeleton (D)
  A hobgoblin (D)
  A jackal (D)
  A quokka (D)
  A jackal skeleton (D)
  A jackal zombie (D)
  A quokka skeleton (D)
76 creatures vanquished.

Vanquished Creatures (collateral kills)
  An ogre mage (D)
  An iron troll (D)
  A hill giant (D)
  2 trolls (D)
  3 orc warriors (D)
  2 orcs (D)
10 creatures vanquished.

Grand Total: 86 creatures vanquished

Notes
Turn   | Place    | Note
-------+----------+-------------------------------------------
     0 | D        | Naow the Minotaur Berserker began the quest for the Orb.
     0 | D        | Reached XP level 1. HP: 19/19 MP: 0/0
     6 | D        | Reached skill level 4 in Axes
     9 | D        | Reached ** piety under Trog
    14 | D        | Reached skill level 5 in Axes
    25 | D        | Noticed a crimson imp
    28 | D        | Reached XP level 2. HP: 27/27 MP: 1/1
    31 | D        | Reached *** piety under Trog
    31 | D        | Reached skill level 6 in Axes
    39 | D        | Killed a crimson imp
    39 | D        | Reached skill level 8 in Axes
    39 | D        | Reached XP level 3. HP: 33/33 MP: 2/2
   114 | D        | Found a roughly hewn altar of Beogh.
   114 | D        | Found a snail-covered altar of Cheibriados.
   114 | D        | Found a shadowy altar of Dithmenos.
   114 | D        | Found a white marble altar of Elyvilon.
   114 | D        | Found a blossoming altar of Fedhas.
   114 | D        | Found an opulent altar of Gozag.
   115 | D        | Found a hazy altar of Hepliaklqana.
   116 | D        | Found a viscous altar of Jiyva.
   117 | D        | Found an ancient bone altar of Kikubaaqudgha.
   118 | D        | Found a corrupted altar of Lugonu.
   119 | D        | Found a burning altar of Makhleb.
   120 | D        | Found a sparkling altar of Nemelex Xobeh.
   121 | D        | Found an iron altar of Okawaru.
   122 | D        | Found a stormy altar of Qazlal.
   123 | D        | Found a sacrificial altar of Ru.
   124 | D        | Found a deep blue altar of Sif Muna.
   125 | D        | Found a bloodstained altar of Trog.
   126 | D        | Found a hide-covered altar of Uskayaw.
   127 | D        | Found a radiant altar of Vehumet.
   128 | D        | Found a shimmering altar of Xom.
   129 | D        | Found a basalt altar of Yredelemnul.
   130 | D        | Found a glowing silver altar of Zin.
   131 | D        | Found a glowing golden altar of the Shining One.
   189 | D        | Noticed a water moccasin
   190 | D        | Reached **** piety under Trog
   190 | D        | Reached skill level 9 in Axes
   192 | D        | Reached skill level 10 in Axes
   192 | D        | Reached XP level 4. HP: 40/40 MP: 3/3
   193 | D        | Reached skill level 11 in Axes
   199 | D        | Killed a water moccasin
   199 | D        | Reached skill level 13 in Axes
   199 | D        | Reached XP level 5. HP: 46/46 MP: 4/4
   201 | D        | Reached ***** piety under Trog
   241 | D        | Noticed a basilisk
   241 | D        | Noticed a hill giant
   243 | D        | Reached skill level 14 in Axes
   246 | D        | Killed a basilisk
   246 | D        | Reached skill level 15 in Axes
   246 | D        | Reached XP level 6. HP: 52/52 MP: 5/5
   251 | D        | Killed a hill giant
   251 | D        | Received a gift from Trog
   251 | D        | Reached skill level 18 in Axes
   251 | D        | Reached XP level 7. HP: 47/59 MP: 6/6
   572 | D        | Noticed a yak
   572 | D        | Noticed a spiny frog
   572 | D        | Noticed a basilisk
   573 | D        | Noticed a komodo dragon
   576 | D        | Received a gift from Trog
   576 | D        | Reached skill level 19 in Axes
   576 | D        | Reached XP level 8. HP: 66/66 MP: 7/7
   584 | D        | Killed a spiny frog
   584 | D        | Reached skill level 20 in Axes
   591 | D        | Killed a komodo dragon
   591 | D        | Reached skill level 21 in Axes
   594 | D        | Reached XP level 9. HP: 54/71 MP: 8/8
   596 | D        | Received a gift from Trog
   625 | D        | Reached skill level 22 in Axes
   633 | D        | Noticed a spiny frog
   638 | D        | Reached ****** piety under Trog
   642 | D        | Reached skill level 23 in Axes
   647 | D        | Killed a spiny frog
   647 | D        | Received a gift from Trog
   815 | D        | Noticed a spiny frog
   815 | D        | Noticed a spiny frog
   822 | D        | Noticed a tyrant leech
   824 | D        | Reached skill level 24 in Axes
   830 | D        | Killed a spiny frog
   830 | D        | Reached XP level 10. HP: 52/78 MP: 9/9
   831 | D        | Killed a spiny frog
   839 | D        | Received a gift from Trog
   843 | D        | Reached skill level 25 in Axes
  1088 | D        | Noticed Sonja
  1094 | D        | Killed Sonja
  1263 | D        | Noticed Urug
  1270 | D        | Killed Urug
  1271 | D        | Noticed Eustachio
  1291 | D        | Killed Eustachio
  1339 | D        | Received a gift from Trog
  1345 | D        | Reached skill level 5 in Fighting
  1355 | D        | Received a gift from Trog
  1434 | D        | Received a gift from Trog
  1483 | D        | Found Iphutih's Jewellery Emporium.
  1483 | D        | Noticed a hill giant
  1483 | D        | Noticed a hill giant
  1483 | D        | Noticed a deep troll
  1490 | D        | Received a gift from Trog
  1491 | D        | Noticed an ogre mage
  1494 | D        | Reached skill level 10 in Fighting
  1498 | D        | Killed a hill giant
  1498 | D        | Reached XP level 11. HP: 74/102 MP: 10/10
  1499 | D        | Found Watyti Asusa's Antique Weapon Shoppe.
  1506 | D        | Killed a hill giant
  1510 | D        | Killed a deep troll
  1513 | D        | Killed an ogre mage
  1513 | D        | Received a gift from Trog
  1521 | D        | Found Dalinwe's Armour Emporium.
  1524 | D        | Noticed a hill giant
  1524 | D        | Found Oshriffa's Magic Scroll Shoppe.
  1525 | D        | Noticed an iron troll
  1526 | D        | Noticed an ogre mage
  1528 | D        | Killed a hill giant
  1530 | D        | Killed an iron troll
  1531 | D        | Noticed an ogre mage
  1539 | D        | HP: 2/111 [ogre mage/bolt of lightning (25)]
  1540 | D        | Paralysed by an ogre mage for 7 turns
  1541 | D        | Slain by an ogre mage

Vault maps used:
D:        linesprint

Skill      XL: |  1  2  3  4  5  6  7  8  9 10 11 |
---------------+----------------------------------+-----
Fighting       | 4 11 14 | 14.8
Axes           | 5 8 10 13 15 18 19 21 24 25 | 25.9
Armour         | |  2.5
Dodging        | |  2.2

Action                   |  1- 3 |  4- 6 |  7- 9 | 10-12 || total
-------------------------+-------+-------+-------+-------++-------
Melee: Hand axe          |    27 |       |       |       ||    27
       Headbutt          |     1 |     2 |     8 |    18 ||    29
       War axe           |     2 |    16 |    30 |       ||    48
       Battleaxe         |       |       |    37 |    96 ||   133
Invok: Berserk           |     2 |     1 |     1 |     5 ||     9
       Brothers in Arms  |       |       |       |     3 ||     3
       Trog's Hand       |       |       |       |     2 ||     2
  Eat: Bread ration      |       |       |     1 |     1 ||     2
       Chunk             |       |       |       |     3 ||     3
       Meat ration       |       |       |       |     1 ||     1
Armor: Animal skin       |     8 |       |       |       ||     8
       Plate armour      |       |     4 |    17 |    21 ||    42
Dodge: Dodged            |    21 |     2 |    20 |    40 ||    83
